 Dungeon Crawl Stone Soup version 0.25.1-2-g60ff931df9 (webtiles) character file.

Game seed: 5912440595191756880

774 Arcadio the Ducker (level 7, -9/36 HPs)
             Began as a Deep Elf Venom Mage on Dec 3, 2020.
             Mangled by Duvessa
             ... wielding a +0 short sword
              (12 damage)
             ... on level 6 of the Dungeon on Dec 4, 2020.
             The game lasted 00:25:47 (6337 turns).

Arcadio the Ducker (Deep Elf Venom Mage)            Turns: 6337, Time: 00:25:48

Health: -9/36      AC:  5    Str:  5    XL:     7   Next: 53%
Magic:  20/22      EV: 17    Int: 22    God:
Gold:   199        SH:  0    Dex: 15    Spells: 6/12 levels left

rFire    . . .     SeeInvis .   B - +0 rapier
rCold    . . .     Gourm    .   (no shield)
rNeg     . . .     Faith    .   k - +0 robe
rPois    .         Spirit   .   t - +1 hat
rElec    .         Reflect  .   l - +0 cloak
rCorr    .         Harm     .   (no gloves)
MR       .....                  q - +0 pair of boots
Stlth    ++........             (no amulet)
HPRegen  0.12/turn              x - ring of magical power
MPRegen  0.18/turn              (no ring)

@: no status effects
A: no striking features
a: no special abilities


You were on level 6 of the Dungeon.
You were not hungry.

You visited 1 branch of the dungeon, and saw 6 of its levels.

You collected 199 gold pieces.

Inventory:

Hand Weapons
 f - a +1 short sword
 j - a +0 club
 m - a +0 dagger
 v - a -2 quarterstaff
 B - a +0 rapier (weapon)
 C - a -3 mace
Missiles
 b - 205 stones (quivered)
 g - 2 boomerangs
Armour
 a - a +0 robe
 k - a +0 robe (worn)
 l - a +0 cloak (worn)
 p - a +1 helmet
 q - a +0 pair of boots (worn)
 t - a +1 hat (worn)
 y - a +0 robe
 E - a scarf of harm
Jewellery
 x - a ring of magical power (left hand)
 D - a cursed ring of teleportation {unknown}
Wands
 I - a wand of polymorph (8)
Scrolls
 n - 4 scrolls of teleportation
 w - 2 scrolls of enchant weapon
 A - a scroll of amnesia
 F - a scroll of enchant armour
 H - a scroll of magic mapping
Potions
 d - a potion of degeneration {unknown}
 e - a potion of berserk rage {unknown}
 h - 2 potions of lignification {unknown}
 i - 3 potions of heal wounds
 o - 3 potions of curing
 r - 2 potions of flight
 s - a potion of brilliance {unknown}
 u - a potion of might {unknown}
 z - a potion of resistance {unknown}
Comestibles
 c - 8 rations


   Skills:
 + Level 7.5 Dodging
 - Level 2.4 Stealth
 - Level 3.0 Spellcasting
 - Level 1.1 Transmutations
 + Level 7.3 Poison Magic


You had 6 spell levels left.
You knew the following spells:

 Your Spells              Type           Power        Failure   Level  Hunger
a - Sting                 Tmut/Pois      ###.         2%          1    None
b - Poisonous Vapours     Pois/Air       ###...       4%          2    ##.....
c - Mephitic Cloud        Conj/Pois/Air  ##......     14%         3    ###....

Your spell library contained the following spells:

 Spells                   Type           Power        Failure   Level  Hunger
 Olgreb's Toxic Radiance  Pois           #####...     6%          4    ####...
 Corona                   Hex            #......      12%         1    None
 Ignite Poison            Fire/Tmut/Pois ###.....     12%         3    ###....
 Slow                     Hex            #.......     19%         2    ##.....
 Inner Flame              Hex/Fire       #.......     36%         3    ###....
 Portal Projectile        Hex/Tloc       #.....       36%         3    ###....
 Cause Fear               Hex            #.........   77%         4    ####...
 Leda's Liquefaction      Hex/Erth       #.........   77%         4    ####...


Dungeon Overview and Level Annotations

Branches:
Dungeon (6/15)
 Temple: D:4-7

Altars:
Cheibriados

Annotations:
D:4 Eustachio
D:6 Dowan, Duvessa, Pikel


Message History

The black bear barely misses you. x2; The black bear claws you.
The black bear closely misses you.
The black bear claws you but does no damage.
The black bear claws you.
* * * LOW HITPOINT WARNING * * *
The black bear misses you. The black bear closely misses you.
The black bear claws you.
* * * LOW HITPOINT WARNING * * *
Casting: Sting (safe; 2% risk of failure)
Confirm with . or Enter, or press ? or * to list all spells.
Aiming: Sting (safe; 2% risk of failure)
Press: ? - help, Shift-Dir - straight line, f/p - black bear
Aim: a black bear (almost dead, berserk, poisoned)
The sting hits the black bear but does no damage.
The black bear looks even sicker.
The black bear is almost dead.
You kill the black bear!
A slave comes into view.
Duvessa hits you with a +0 short sword!
You die...

#...###..........##
#........?......#
#...............#
#.>....######...#
##......## ##..##
#........# #...#
.........# ##..#
.........# #.##
.........# #@#
........## #e#
.######## #.## ##
#K.# # #..# #.p##
##..## ##p.# #..#


You could see Pikel, Duvessa and 2 slaves.

Vanquished Creatures
  A black bear (D:6)
  2 ogres
  A centaur (D:5)
  A crimson imp (D:6)
  A centaur zombie (D:5)
  3 hounds
  An orc wizard (D:4)
  An iguana (D:4)
  A worker ant (D:4)
  7 adders
  3 shadow imps
  An adder skeleton (D:4)
  3 worms
  2 dart slugs
  4 leopard geckos
  7 orcs
  7 ball pythons
  3 giant cockroaches
  10 goblins
  5 hobgoblins
  4 jackals (D:1)
  10 kobolds
  3 quokkas
  5 bats
  5 frilled lizards
  7 rats
98 creatures vanquished.

Notes
Turn   | Place    | Note
-------+----------+-------------------------------------------
     0 | D:1      | Arcadio the Deep Elf Venom Mage began the quest for the
                  | Orb.
     0 | D:1      | Reached XP level 1. HP: 10/10 MP: 6/6
   314 | D:1      | Reached XP level 2. HP: 15/15 MP: 4/8
   620 | D:1      | Reached XP level 3. HP: 19/19 MP: 5/9
   734 | D:1      | Learned a level 2 spell: Poisonous Vapours
   738 | D:1      | Learned a level 3 spell: Mephitic Cloud
  1447 | D:2      | Reached XP level 4. HP: 20/24 MP: 8/10
  1705 | D:2      | Noticed an ogre
  2922 | D:3      | Reached skill level 5 in Poison Magic
  3293 | D:4      | Found a snail-covered altar of Cheibriados.
  3310 | D:4      | Reached XP level 5. HP: 28/28 MP: 11/11
  3341 | D:4      | Reached skill level 5 in Dodging
  3383 | D:4      | Noticed a phantom
  3468 | D:4      | Noticed an ogre
  3619 | D:4      | Noticed an ogre
  3637 | D:4      | Killed an ogre
  3637 | D:4      | Reached XP level 6. HP: 29/32 MP: 8/12
  4025 | D:4      | Noticed Eustachio
  4171 | D:5      | Entered Level 5 of the Dungeon
  5727 | D:5      | Reached XP level 7. HP: 36/36 MP: 13/13
  6301 | D:6      | Noticed Pikel
  6318 | D:6      | Noticed Duvessa
  6318 | D:6      | Noticed Dowan
  6337 | D:6      | Mangled by Duvessa

Illustrated notes

Levels and vault maps discovered:
D:1:      lemuel_arrival_broad_hall, layout_loops_ring
D:2:      layout_basic, first_ration
D:3:      layout_basic
D:4:      layout_loops_ring, cheibriados_altar_1, uniq_eustachio
D:5:      layout_basic, chequers_serial_rivers_room_b
D:6:      layout_layer_cave, minmay_temple_entry_stoned_glass, uniq_pikel,
          uniq_duvessa, uniq_sigmund

Skill      XL: |  1  2  3  4  5  6  7 |
---------------+----------------------+-----
Dodging        | 3 4 5 6 7 |  7.5
Poison Magic   | 4 5 6 7 |  7.3
Stealth        | |  2.4
Spellcasting   | |  3.0
Transmutations | |  1.1

Action                   |  1- 3 |  4- 6 |  7- 9 || total
-------------------------+-------+-------+-------++-------
Melee: Club              |     3 |       |       ||     3
       Short sword       |       |    44 |       ||    44
       Rapier            |       |       |    14 ||    14
 Cast: Sting             |    54 |   110 |    28 ||   192
       Poisonous Vapours |       |     4 |       ||     4
  Use: Scroll            |     5 |    11 |     2 ||    18
  Eat: Chunk             |     1 |     9 |       ||    10
       Ration            |       |     1 |     1 ||     2
Armor: Robe              |     3 |    13 |     7 ||    23
Dodge: Dodged            |    17 |    79 |    48 ||   144
